 Dungeon Crawl Stone Soup version 0.28-a0-1292-gb4563b27b3 (webtiles) character file.

Game seed: 30874756539891096

2 PlayingRandomsOnly the Conjurer (level 1, 11/11 HPs)
             Began as an Octopode Conjurer on Dec 22, 2021.
             Quit the game on level 1 of the Dungeon on Dec 27, 2021.
             The game lasted 00:02:54 (295 turns).

PlayingRandomsOnly the Conjurer (Octopode Conjurer)  Turns: 295, Time: 00:02:55

Health: 11/11      AC:  1    Str:  6    XL:     1   Next: 40%
Magic:  3/3        EV: 13    Int: 20    God:
Gold:   11         SH:  0    Dex: 10    Spells: 3/4 levels left

rFire   . . .      SeeInvis .   (no weapon)
rCold   . . .      Faith    .   (no shield)
rNeg    + . .      Spirit   .   (helmet restricted)
rPois   .          Reflect  .   (no amulet)
rElec   .          Harm     .   c - ring of positive energy
rCorr   .          Rampage  .   (no ring)
Will    .....                   (no ring)
Stlth   +++.......              (no ring)
HPRegen 0.03/turn               (no ring)
MPRegen 0.08/turn               (no ring)
                                (no ring)
                                (no ring)

@: no status effects
A: almost no armour, amphibious, 8 rings, camouflage 1, gelatinous body 1,
(nimble swimmer 1), tentacles
a: no special abilities


You were on level 1 of the Dungeon.
You visited 1 branch of the dungeon, and saw 1 of its levels.

You collected 11 gold pieces.

Inventory:

Jewellery
 c - a ring of positive energy (left tentacle)
Scrolls
 b - a scroll of noise {unknown}
Potions
 a - a potion of curing {unknown}


   Skills:
 * Level 2.1 Dodging
 + Level 2.8 Stealth
 + Level 2.0 Spellcasting
 - Level 4.0 Conjurations


You had 3 spell levels left.
You knew the following spells:

 Your Spells              Type           Power      Damage    Failure   Level
a - Magic Dart            Conj           72%        1d6       3%          1

Your spell library contained the following spells:

 Spells                   Type           Power      Damage    Failure   Level
 Searing Ray              Conj           36%        2d5       4%          2
 Dazzling Flash           Conj/Hex       20%        N/A       21%         3
 Fulminant Prism          Conj/Hex       5%         3d7       56%         4
 Iskenderun's Mystic Bla  Conj/Tloc      10%        2d4       56%         4


Dungeon Overview and Level Annotations

Branches:
Dungeon (1/15)

Altars:


Innate Abilities, Weirdness & Mutations

You cannot wear most types of armour.
You are amphibious.
You can wear up to eight rings at the same time.
Your skin changes colour to match your surroundings (Stealth+).
Your rubbery body absorbs attacks. (AC +1, EV +1)
((You are camouflaged when in or above water. (Stealth+)))
You have tentacles for arms and can constrict up to eight enemies at once.


Message History

Aim: a ball python (asleep, 100% to hit)
The magic dart hits the ball python.
You kill the ball python!
You start resting.
Magic restored.
You see here a frilled lizard corpse.
You see here a +0 dagger.
Found a stone staircase leading down.
There is a stone staircase leading down here.
Found a stone staircase leading down.
Found 11 gold pieces.
Found an escape hatch in the floor.
Found a small gilded ring.
You now have 11 gold pieces.
A kobold comes into view. It is wielding a +0 dagger.
You see here a ring of positive energy.
c - a ring of positive energy
Casting: Magic Dart (safe; 3% risk of failure)
Confirm with . or Enter, or press ? or * to list all spells.
Aiming: Magic Dart (safe; 3% risk of failure)
Press: ? - help, Shift-Dir - straight line, f - kobold
Aim: a kobold, wielding a +0 dagger and quivering stones (asleep, 100% to hit)
The magic dart hits the kobold.
The kobold is heavily wounded.
The kobold shouts!
Casting: Magic Dart (safe; 3% risk of failure)
Confirm with . or Enter, or press ? or * to list all spells.
Aiming: Magic Dart (safe; 3% risk of failure)
Press: ? - help, Shift-Dir - straight line, f/p - kobold
Aim: a kobold, wielding a +0 dagger and quivering stones (heavily wounded, 100% to hit)
The magic dart hits the kobold.
You kill the kobold!
c - a ring of positive energy (left tentacle) Magic restored.
There is a stone staircase leading down here.
Saving game... please wait.
Welcome back, PlayingRandomsOnly the Octopode Conjurer.
Press ? for a list of commands and other information.
Unknown command.
Are you sure you want to abandon this character and quit the game? (Confirm with "yes".)

#.## #.# #####.# #..# #.#
#.#...### #..## #.# ###.#.#...
....## #.# #...#.#.# †PP..# #.#
#.#....># .♣P..# #.###.#.#.#.# .#
....## #...........###...
...####### #.##..............
.......>.# ##@...........##...
.#######.######...#........###...
.# #........#....##........# .#
########...######.###.## .# ##.##
#....## .# ###.### #.#.## .#
#.....# #...# .###
##.#.#.#####..#.♣ ...#
#..............#.#


There were no monsters in sight!

Vanquished Creatures
  A kobold (D:1)
  A ball python (D:1)
  A frilled lizard (D:1)
3 creatures vanquished.

Notes
Turn   | Place    | Note
-------+----------+-------------------------------------------
     0 | D:1      | PlayingRandomsOnly the Octopode Conjurer began the quest
                  | for the Orb.
     0 | D:1      | Reached XP level 1. HP: 11/11 MP: 3/3
   295 | D:1      | Upgraded the game from 0.28-a0-1227-ga9037bb4c8 to
                  | 0.28-a0-1292-gb4563b27b3
   295 | D:1      | Quit the game

Illustrated notes

Levels and vault maps discovered:
D:1:      minmay_arrival_radiant_lines, layout_loops_ring, serial_shops, shop,
          hellmonk_ecumenical_altar_prayer_group, serial_park_tiny_1,
          grunt_decor_mini_mirrors

Action                   || total
-------------------------++-------
 Cast: Magic Dart        ||     4

Table legend: (Time is in decaauts)
 A = Elapsed time spent in this place.
 B = Non-inter-level travel time spent in this place.
 C = Inter-level travel time spent in this place.
 D = Time resting spent in this place.
 E = Time spent auto-exploring this place.
 F = Levels seen in this place.
 G = Mean time per level.
                   A        B        C        D        E       F      G
               +--------+--------+--------+--------+--------+-----+--------+
         Total |    294 |    294 |      0 |     21 |      0 |   1 |  294.0 |
       Dungeon |    294 |    294 |      0 |     21 |      0 |   1 |  294.0 |
               +--------+--------+--------+--------+--------+-----+--------+

Top non-repeatable levels by time:
     D:1: 294 daAuts
